 Dungeon Crawl Stone Soup version 0.25-a0-797-g0023389 (webtiles) character file.

Game seed: 5445714237027622202, levelgen mode: deterministic

1459 Kurtz the Carver (level 8, -8/58 HPs)
             Began as a Mummy Chaos Knight on Apr 18, 2020.
             Was a Plaything of Xom.
             Splashed by an orc's acid (18 damage)
             ... on level 5 of the Dungeon.
             The game lasted 00:05:54 (6113 turns).

Kurtz the Carver (Mummy Chaos Knight)               Turns: 6113, Time: 00:05:56

Health: -8/58      AC:  5    Str: 16    XL:     8   Next: 48%
Magic:  8/8        EV:  7    Int: 11    God:    Xom [..*...]
Gold:   284        SH:  0    Dex: 13    Spells: 7/7 levels left

rFire    . . .     SeeInvis .   a - +0 falchion (chaos)
rCold    . . .     Gourm    .   (no shield)
rNeg     + + +     Faith    .   t - +0 chain mail
rPois    ∞         Spirit   .   h - +0 helmet (curse)
rElec    .         Reflect  .   (no cloak)
rCorr    .         Harm     .   (no gloves)
MR       +....                  (no boots)
Stlth    ..........             (no amulet)
HPRegen  0.19/turn              j - ring of flight
MPRegen  0.11/turn              p - ring of fire

@: corroded
A: no food or potions, fire vulnerability, cold resistance 1, negative energy
resistance 3, torment resistance, unbreathing
a: Renounce Religion, Evoke Flight


You were on level 5 of the Dungeon.
You worshipped Xom.
You were a toy of Xom.
You were not hungry.

You visited 1 branch of the dungeon, and saw 5 of its levels.

You collected 284 gold pieces.

Inventory:

Hand Weapons
 a - a +0 falchion of chaos (weapon)
Missiles
 n - 5 boomerangs
 q - 9 poisoned darts
 u - 2 throwing nets (quivered)
Armour
 b - a +2 leather armour
 h - a cursed +0 helmet (worn)
 r - a +2 leather armour of cold resistance
 t - a +0 chain mail (worn)
Jewellery
 j - a ring of flight (left hand)
 m - an uncursed ring of wizardry
 p - a ring of fire (right hand)
 s - an uncursed amulet of magic regeneration
Scrolls
 c - 10 scrolls of identify {unknown}
 d - 2 scrolls of random uselessness {unknown}
 e - a scroll of noise {unknown}
 f - 2 scrolls of magic mapping {unknown}
 g - 3 scrolls of teleportation {unknown}
 i - 2 scrolls of amnesia {unknown}
 k - 2 scrolls of enchant armour {unknown}
 l - 3 scrolls of remove curse {unknown}
 o - 2 scrolls of enchant weapon {unknown}


   Skills:
 * Level 3.5 Fighting
 * Level 9.0 Long Blades
 - Level 1.5 Armour
 * Level 1.2 Dodging


You had 7 spell levels left.
You didn't know any spells.
Your spell library was empty.

Dungeon Overview and Level Annotations

Branches:
Dungeon (5/15)
 Temple: D:4-7

Altars:
Elyvilon
Nemelex Xobeh
Xom

Annotations:
D:2 1 runed translucent door, Crazy Yiuf


Innate Abilities, Weirdness & Mutations

You do not eat or drink.
Your flesh is vulnerable to fire.
You are immune to poison.
Your flesh is cold resistant. (rC+)
You are immune to negative energy. (rN+++)
You are immune to unholy pain and torment.
You can survive without breathing.


Message History

You closely miss the orc.
The orc zaps a wand.
The bolt of acid misses you.
You closely miss the orc.
Your chain mail prevents you from hitting the orc.
The orc barely misses you. The orc closely misses you.
You hit the orc but do no damage. The orc hits you but does no damage.
You hit the orc.
The orc is poisoned.
The orc is lightly wounded.
The orc hits you with a +0 flail.
* * * LOW HITPOINT WARNING * * *
The orc hits you but does no damage.
You hit the orc. You burn the orc.
The orc is moderately wounded.
The orc hits you but does no damage.
You closely miss the orc.
The orc is severely wounded.
The orc zaps a wand.
The bolt of acid hits you.
* * * LOW HITPOINT WARNING * * *
The acid corrodes you!
You are splashed with acid!!
You die...
Xom titters!

...# #.#.##)# ##.#
#.#.##.# ##.# #.#.##.#
##.###.#.##.#
##..##.#†##.######
###.##.#.##......# #
#.##.#.#######.##
###.##......###o..########
............##.o@........#
..................######.#
###.###.....####.## #.# #
#.###.....## #.# #.#
#.##.......# #.# #.#
#.##.##.##.# #.# #.#
#.##.##.##.###.# #.###
#.##...........# ##...##
#.##.##[##.##### #..#..#


You could see 2 orcs.

Vanquished Creatures
  Pikel (D:5)
  Grinder (D:5)
  Sigmund (D:3)
  A hungry ghost (D:5)
  2 slaves (D:5)
  An ogre (D:4)
  A centaur (D:4)
  A howler monkey (D:4)
  A hound (D:4)
  2 jellies (D:4)
  4 orc wizards
  4 orc priests
  Jessica (D:2)
  2 worker ants
  4 gnolls (D:5)
  3 adders
  A shadow imp (D:5)
  An ooze (D:2)
  3 worms
  2 dart slugs
  2 leopard geckos
  10 orcs
  4 giant cockroaches
  2 hobgoblins
  9 jackals
  2 ball pythons
  4 bats
  2 frilled lizards
  A giant cockroach zombie (D:5)
  6 goblins
  3 kobolds
  A rat (D:3)
83 creatures vanquished.

Vanquished Creatures (collateral kills)
  A centaur skeleton (D:5)
  A dart slug (D:1)
  A giant cockroach (D:3)
  A jackal (D:1)
  A kobold (D:1)
  A bat (D:3)
  A rat (D:3)
7 creatures vanquished.

Vanquished Creatures (others)
  A slave (D:5)
1 creature vanquished.

Grand Total: 91 creatures vanquished

Notes
Turn   | Place    | Note
-------+----------+-------------------------------------------
     0 | D:1      | Kurtz the Mummy Chaos Knight began the quest for the Orb.
     0 | D:1      | Reached XP level 1. HP: 18/18 MP: 1/1
    86 | D:1      | Reached skill level 3 in Long Blades
    86 | D:1      | Reached XP level 2. HP: 9/24 MP: 2/2
   122 | D:1      | XOM: divination: magic mapping
   546 | D:1      | XOM: cast spell 'Summon Dragon'
   693 | D:1      | XOM: polymorph storm dragon -> entropy weaver
   807 | D:2      | XOM: stealth player
   939 | D:2      | XOM: god gift: scroll labeled BYIHIT QANA {god gift}
   954 | D:2      | Reached XP level 3. HP: 11/29 MP: 3/3
  1175 | D:2      | Noticed Jessica
  1183 | D:2      | Killed Jessica
  1256 | D:2      | Reached skill level 4 in Long Blades
  1452 | D:2      | Reached XP level 4. HP: 35/35 MP: 4/4
  1551 | D:2      | Found a runed translucent door.
  1552 | D:2      | Noticed Crazy Yiuf
  1894 | D:3      | Noticed Sigmund
  1896 | D:3      | XOM: scenery: create altars
  1899 | D:3      | XOM: summons friendly white imp
  1906 | D:3      | Killed Sigmund
  1906 | D:3      | Reached skill level 5 in Long Blades
  1906 | D:3      | Reached XP level 5. HP: 19/41 MP: 5/5
  2121 | D:3      | Reached XP level 6. HP: 23/47 MP: 6/6
  2472 | D:3      | XOM: god gift: scroll labeled ZODABUSTREHIGH {god gift}
  2684 | D:4      | XOM: cleaving
  2746 | D:4      | XOM: noise
  2748 | D:4      | XOM: silly message
  3032 | D:4      | Found a white marble altar of Elyvilon.
  3057 | D:4      | XOM: silly message
  3230 | D:4      | You fall into a shaft and drop 1 floor!
  3230 | D:5      | Entered Level 5 of the Dungeon
  3236 | D:5      | Noticed Grinder
  3527 | D:4      | XOM: noise
  3671 | D:4      | Reached skill level 6 in Long Blades
  3814 | D:4      | XOM: summons 6 friendly demons
  3922 | D:4      | Reached XP level 7. HP: 52/52 MP: 7/7
  4033 | D:4      | Found a sparkling altar of Nemelex Xobeh.
  4052 | D:4      | Reached skill level 7 in Long Blades
  4633 | D:4      | XOM: summons 3 hostile demons
  4719 | D:5      | XOM: summons 4 hostile shadow creatures
  4973 | D:5      | XOM: silly message
  5059 | D:5      | Noticed a hungry ghost
  5071 | D:5      | Killed a hungry ghost
  5089 | D:5      | Killed Grinder
  5089 | D:5      | Reached skill level 8 in Long Blades
  5089 | D:5      | Reached XP level 8. HP: 43/58 MP: 8/8
  5286 | D:5      | Noticed Pikel
  5302 | D:5      | XOM: 1-stop teleportation journey
  5446 | D:5      | XOM: enchant monster (bad)
  5713 | D:5      | XOM: fake destruction
  5851 | D:5      | XOM: enchant monster (good)
  5886 | D:5      | Killed Pikel
  5886 | D:5      | Reached skill level 9 in Long Blades
  5886 | D:5      | Reached skill level 1 in Dodging
  6113 | D:5      | Splashed by an orc's acid

Levels and vault maps discovered:
D:1:      co_arrival_hall_of_pillars, layout_basic, serial_bayou_lagoon_b
D:2:      layout_loops_ring, uniq_crazy_yiuf_cottage, uniq_jessica
D:3:      layout_loops_ring, uniq_sigmund
D:4:      layout_loops_ring, nicolae_overflow_crystal_walls,
          nemelex_xobeh_ov_fountains_minmay
D:5:      layout_loops_ring, first_ration, uniq_grinder, uniq_pikel

Skill      XL: |  1  2  3  4  5  6  7  8 |
---------------+-------------------------+-----
Long Blades    | 3 4 5 6 8 9 |  9.0
Dodging        | 1 |  1.2
Fighting       | |  3.5
Armour         | |  1.5

Action                   |  1- 3 |  4- 6 |  7- 9 || total
-------------------------+-------+-------+-------++-------
Melee: Falchion          |    86 |    95 |   189 ||   370
Throw: Boomerang         |       |     2 |     3 ||     5
       Throwing net      |       |       |     5 ||     5
 Stab: Sleeping          |     2 |       |       ||     2
       Petrified         |       |       |     8 ||     8
       Held in net/web   |       |       |     1 ||     1
       Petrifying        |       |       |     1 ||     1
Armor: Leather armour    |    37 |    36 |    13 ||    86
       Chain mail        |       |       |    63 ||    63
Dodge: Dodged            |    59 |    73 |    60 ||   192
       Rpst.: Falchion   |    16 |    21 |    13 ||    50

Table legend:
 A = Non-vault XP
 B = Vault XP
 C = Vault XP percentage of total XP
 D = Non-vault monster count
 E = Vault monster count
 F = Vault count percentage of total count
                 A         B        C        D         E       F
            +---------+---------+-------+---------+---------+-------
      Total |    1203 |     882 |  42.3 |      84 |       4 |   4.5
            +---------+---------+-------+---------+---------+-------
        D:1 |      24 |       0 |   0.0 |      14 |       0 |   0.0
        D:2 |      46 |      37 |  44.6 |      12 |       1 |   7.7
        D:3 |     149 |     182 |  55.0 |      25 |       1 |   3.8
        D:4 |     575 |       0 |   0.0 |      14 |       0 |   0.0
        D:5 |     409 |     663 |  61.8 |      19 |       2 |   9.5
            +---------+---------+-------+---------+---------+-------
